 Dungeon Crawl Stone Soup version 0.23-a0-481-g60b89c1 (webtiles) character file.

67 XanderDroid the Insei (level 4, -9/38 HPs)
             Began as a Gnoll Wanderer on Nov 29, 2018.
             Mangled by Sigmund
             ... wielding a +0 scythe
              (11 damage)
             ... on level 2 of the Dungeon.
             The game lasted 00:06:06 (2297 turns).

XanderDroid the Insei (Gnoll Wanderer)              Turns: 2297, Time: 00:06:06

Health: -9/38      AC:  3    Str: 15    XL:     4   Next: 18%
Magic:  8/8        EV: 11    Int: 12    God:
Gold:   53         SH:  0    Dex: 17    Spells: 8/8 levels left

rFire    . . .     SeeInvis .   e - +0 dagger
rCold    . . .     Gourm    .   (no shield)
rNeg     . . .     Faith    .   g - +0 leather armour
rPois    +         Spirit   .   (no helmet)
rElec    .         Reflect  .   (no cloak)
rCorr    .         Harm     .   (no gloves)
MR       .....                  (no boots)
Stlth    +++.......             (no amulet)
HPRegen  0.12/turn              h - ring of poison resistance
MPRegen  0.11/turn              (no ring)

@: no status effects
A: distributed training, fangs 1, strong nose
a: no special abilities


You were on level 2 of the Dungeon.
You were not hungry.

You visited 1 branch of the dungeon, and saw 2 of its levels.

You collected 53 gold pieces.

Inventory:

Hand Weapons
 e - a +0 dagger (weapon)
Armour
 g - a +0 leather armour (worn)
Jewellery
 h - a ring of poison resistance (left hand)
Scrolls
 c - 2 scrolls of teleportation
Potions
 a - a potion of curing {unknown}
 b - 2 potions of might {unknown}
 d - a potion of degeneration {unknown}
 j - a potion of lignification {unknown}
 k - 2 potions of brilliance {unknown}
Comestibles
 f - 4 rations
 i - 6 chunks of flesh


   Skills:
 + Level 4.6 Fighting
 + Level 1.0 Short Blades
 + Level 1.0 Long Blades
 + Level 1.0 Axes
 + Level 1.0 Maces & Flails
 + Level 1.0 Polearms
 + Level 1.0 Staves
 + Level 1.0 Slings
 + Level 1.0 Bows
 + Level 1.0 Crossbows
 + Level 1.0 Throwing
 + Level 1.0 Armour
 + Level 1.0 Dodging
 + Level 4.2 Stealth
 + Level 1.0 Shields
 + Level 6.6 Unarmed Combat
 + Level 2.9 Spellcasting
 + Level 0.8 Conjurations
 + Level 0.8 Hexes
 + Level 3.8 Charms
 + Level 0.8 Summonings
 + Level 0.8 Necromancy
 + Level 0.8 Translocations
 + Level 0.8 Transmutations
 + Level 0.8 Fire Magic
 + Level 0.8 Ice Magic
 + Level 0.8 Air Magic
 + Level 0.8 Earth Magic
 + Level 0.8 Poison Magic
 + Level 1.1 Invocations
 + Level 1.0 Evocations


You had 8 spell levels left.
You didn't know any spells.
Your spell library contained the following spells:

 Spells                   Type           Power        Failure   Level  Hunger
 Infusion                 Chrm           ##..         6%          1    #......
 Song of Slaying          Chrm           ##......     10%         2    ###....
 Shroud of Golubria       Chrm/Tloc      #.........   19%         2    ###....
 Beastly Appendage        Tmut           #.....       22%         1    #......
 Regeneration             Chrm/Necr      #.........   34%         3    ###....
 Spectral Weapon          Hex/Chrm       #.......     34%         3    ###....
 Spider Form              Tmut/Pois      #.........   54%         3    ###....


Dungeon Overview and Level Annotations

Branches:
Dungeon (2/15)

Altars:

Annotations:
D:2 Sigmund


Innate Abilities, Weirdness & Mutations

Your experience applies equally to all skills.
You have very sharp teeth.
Your uncanny sense of smell can sniff out nearby items.


Message History

* * * LOW HITPOINT WARNING * * *
You barely miss Sigmund.
Sigmund is severely wounded.
The adder bites you but does no damage. The frilled lizard barely misses you.
The adder barely misses you.
You barely miss Sigmund. You bite Sigmund.
Sigmund is severely wounded.
Sigmund casts a spell.
Sigmund flickers and vanishes!
Deactivating autopickup; reactivate with Ctrl-A.
The adder closely misses you.
The frilled lizard bites you but does no damage.
You barely miss something. Something hits you!
* * * LOW HITPOINT WARNING * * *
The adder bites you.
* * * LOW HITPOINT WARNING * * *
The frilled lizard misses you.
You hit something but do no damage. The adder closely misses you.
The frilled lizard misses you. Something hits you!
You die...
P.P

♣P♣♣ ♣.P♣## ♣P...#
#+## #♣♣♣.# #...#
#...# #..... #...##
#......
#....####S......
#♣.♣....@{b.....
♣.♣.####l......
#####♣.♣## #......
#......# #.....
#.###..# #...#
#.##.#.## #... ∆
#(#.###.###### #.##
#(.## ##...÷.# #.#
#.#.###.####.####.####


You could see an adder, a bat and a frilled lizard.

Vanquished Creatures
  Natasha (D:2)
  An adder (D:2)
  A dart slug (D:1)
  A leopard gecko (D:2)
  3 bats
  A giant cockroach (D:1)
  4 goblins
  3 hobgoblins (D:1)
  4 jackals
  5 kobolds
  2 ball pythons
  4 frilled lizards
30 creatures vanquished.

Notes
Turn   | Place    | Note
-------+----------+-------------------------------------------
     0 | D:1      | XanderDroid the Gnoll Wanderer began the quest for the Orb.
     0 | D:1      | XanderDroid set off with the following items: a scroll of
                  | teleportation, a +0 robe, a +0 dagger, a ration; and the
                  | following spells available to memorise: Infusion, Song of
                  | Slaying, Shroud of Golubria, Beastly Appendage,
                  | Regeneration, Spectral Weapon, Spider Form
     0 | D:1      | Reached XP level 1. HP: 20/20 MP: 4/4
   393 | D:1      | Reached XP level 2. HP: 21/26 MP: 5/5
  1320 | D:2      | Reached XP level 3. HP: 31/31 MP: 7/7
  1702 | D:2      | Reached skill level 1 in Invocations
  1735 | D:2      | Noticed Natasha
  1751 | D:2      | Killed Natasha
  1751 | D:2      | Reached skill level 1 in Short Blades
  1751 | D:2      | Reached skill level 1 in Long Blades
  1751 | D:2      | Reached skill level 1 in Axes
  1751 | D:2      | Reached skill level 1 in Maces & Flails
  1751 | D:2      | Reached skill level 1 in Polearms
  1751 | D:2      | Reached skill level 1 in Staves
  1751 | D:2      | Reached skill level 1 in Slings
  1751 | D:2      | Reached skill level 1 in Bows
  1751 | D:2      | Reached skill level 1 in Crossbows
  1751 | D:2      | Reached skill level 1 in Throwing
  1751 | D:2      | Reached skill level 1 in Armour
  1751 | D:2      | Reached skill level 1 in Dodging
  1751 | D:2      | Reached skill level 1 in Shields
  1751 | D:2      | Reached skill level 1 in Evocations
  1751 | D:2      | Reached XP level 4. HP: 4/38 MP: 8/8
  2285 | D:2      | Noticed Sigmund
  2297 | D:2      | Mangled by Sigmund

Vault maps used:
D:1:      scummos_arrival_hexagon
D:2:      first_ration, serial_forest, infiniplex_forest_corner_1,
          infiniplex_forest_lined_2, infiniplex_forest_lined_3,
          infiniplex_forest_zigzag_2, infiniplex_forest_straight_1,
          infiniplex_forest_pool, infiniplex_forest_side_room,
          infiniplex_forest_straight_3, infiniplex_forest_straight_3,
          uniq_natasha, uniq_sigmund

Skill      XL: |  1  2  3 |
---------------+----------+-----
Invocations    | 1 |  1.1
Short Blades   | 1 |  1.0
Long Blades    | 1 |  1.0
Axes           | 1 |  1.0
Maces & Flails | 1 |  1.0
Polearms       | 1 |  1.0
Staves         | 1 |  1.0
Slings         | 1 |  1.0
Bows           | 1 |  1.0
Crossbows      | 1 |  1.0
Throwing       | 1 |  1.0
Armour         | 1 |  1.0
Dodging        | 1 |  1.0
Shields        | 1 |  1.0
Evocations     | 1 |  1.0
Fighting       | |  4.6
Stealth        | |  4.2
Unarmed Combat | |  6.6
Spellcasting   | |  2.9
Conjurations   | |  0.8
Hexes          | |  0.8
Charms         | |  3.8
Summonings     | |  0.8
Necromancy     | |  0.8
Translocations | |  0.8
Transmutations | |  0.8
Fire Magic     | |  0.8
Ice Magic      | |  0.8
Air Magic      | |  0.8
Earth Magic    | |  0.8
Poison Magic   | |  0.8

Action                   |  1- 3 |  4- 6 || total
-------------------------+-------+-------++-------
Melee: Dagger            |   110 |    31 ||   141
       Bite              |    11 |     2 ||    13
       Punch             |     4 |       ||     4
 Stab: Sleeping          |     8 |     2 ||    10
  Eat: Chunk             |     3 |     1 ||     4
Armor: Robe              |     1 |       ||     1
       Leather armour    |    26 |     9 ||    35
Dodge: Dodged            |    77 |    20 ||    97

Table legend:
 A = Non-vault XP
 B = Vault XP
 C = Vault XP percentage of total XP
 D = Non-vault monster count
 E = Vault monster count
 F = Vault count percentage of total count
                 A         B        C        D         E       F
            +---------+---------+-------+---------+---------+-------
      Total |      64 |      33 |  34.0 |      29 |       1 |   3.3
            +---------+---------+-------+---------+---------+-------
        D:1 |      33 |       0 |   0.0 |      18 |       0 |   0.0
        D:2 |      31 |      33 |  51.6 |      11 |       1 |   8.3
            +---------+---------+-------+---------+---------+-------
